 Dungeon Crawl Stone Soup version 0.29.1-13-g9f3cf754e1 (webtiles) character file.

Game seed: 1995913403674527547

67 FaviusArthum the Conjurer (level 4, 0/24 HPs)
             Began as a Deep Elf Conjurer on Jan 20, 2023.
             Slain by an orc wizard
             ... wielding a +0 dagger
              (1 damage)
             ... on level 3 of the Dungeon.
             The game lasted 00:05:59 (2921 turns).

FaviusArthum the Conjurer (Deep Elf Conjurer)       Turns: 2921, Time: 00:06:00

Health: 0/24       AC:  2    Str:  4    XL:     4   Next: 0%
Magic:  0/12       EV: 12    Int: 25    God:
Gold:   66         SH:  0    Dex: 13    Spells: 8/11 levels left

rFire   . . .      SeeInvis .   p - +0 dagger
rCold   . . .      Faith    .   (no shield)
rNeg    . . .      Spirit   .   a - +0 robe
rPois   .          Reflect  .   (no helmet)
rElec   .          Harm     .   (no cloak)
rCorr   .          Rampage  .   (no gloves)
Will    .....                   (no boots)
Stlth   +.........              (no amulet)
HPRegen 0.08/turn               (no ring)
MPRegen 0.13/turn               (no ring)

@: confused
A: no striking features
a: no special abilities


You were on level 3 of the Dungeon.
You visited 1 branch of the dungeon, and saw 3 of its levels.

You collected 66 gold pieces.

Inventory:

Hand Weapons
 m - a +0 short sword
 p - a +0 dagger (weapon)
Missiles
 n - 3 silver boomerangs
 o - 2 curare-tipped darts
Armour
 a - a +0 robe (worn)
Scrolls
 f - 2 scrolls of immolation
 i - a scroll of vulnerability
 l - a scroll of enchant weapon {unknown}
 r - a scroll of fog {unknown}
Potions
 b - a potion of magic
 c - 2 potions of haste {unknown}
 d - 2 potions of brilliance {unknown}
 e - 2 potions of cancellation {unknown}
 g - a potion of heal wounds {unknown}
 h - 2 potions of lignification {unknown}
 j - 3 potions of curing {unknown}
 k - a potion of degeneration {unknown}
 q - a potion of flight {unknown}
 s - a potion of ambrosia {unknown}


   Skills:
 + Level 2.7 Dodging
 + Level 2.8 Stealth
 + Level 4.1 Spellcasting
 + Level 5.4 Conjurations


You had 8 spell levels left.
You knew the following spells:

 Your Spells              Type           Power      Damage    Failure   Level
a - Magic Dart            Conj           100%       1d8       1%          1
b - Searing Ray           Conj           64%        2d6       1%          2

Your spell library contained the following spells:

 Spells                   Type           Power      Damage    Failure   Level
 Freeze                   Ice            20%        1d4       9%          1
 Dazzling Flash           Conj/Hex       36%        N/A       9%          3
 Frozen Ramparts          Ice            10%        1d2       26%         3
 Fulminant Prism          Conj/Hex       9%         3d7       30%         4
 Hailstorm                Conj/Ice       18%        3d6       30%         4
 Iskenderun's Mystic Bla  Conj/Tloc      18%        2d6       30%         4


Dungeon Overview and Level Annotations

Branches:
Dungeon (3/15)

Altars:


Message History

The magic dart hits you!
Casting: Searing Ray (safe; 1% risk of failure)
Confirm with . or Enter, or press ? or * to list all spells.
Aiming: Searing Ray (safe; 1% risk of failure)
Press: ? - help, Shift-Dir - straight line, f/p - orc wizard
Aim: an orc wizard, wielding a +0 dagger and wearing a +0 robe (76% to hit)
The searing ray misses the orc wizard. (Press . to maintain the ray.)
Casting: Searing Ray (safe; 1% risk of failure)
Confirm with . or Enter, or press ? or * to list all spells.
You don't have enough magic to cast this spell.
Casting: Searing Ray (safe; 1% risk of failure)
Confirm with . or Enter, or press ? or * to list all spells.
You don't know that spell.
Sorry, you're not good enough to have a special ability.
You hit the orc wizard but do no damage.
The orc wizard hits you with a +0 dagger.
You closely miss the orc wizard. The orc wizard closely misses you.
You hit the orc wizard.
The orc wizard is moderately wounded.
The orc wizard casts a spell at you. The magic dart hits you.
* * * LOW HITPOINT WARNING * * *
The orc priest looks encouraged for a moment.
Casting: Searing Ray (safe; 1% risk of failure)
Confirm with . or Enter, or press ? or * to list all spells.
Aiming: Searing Ray (safe; 1% risk of failure)
Press: ? - help, Shift-Dir - straight line, f/p - orc wizard
Aim: an orc wizard, wielding a +0 dagger and wearing a +0 robe (moderately wounded, 76% to hit)
The searing ray misses the orc wizard.
The searing ray hits the orc priest.
The orc priest is moderately wounded. (Press . to maintain the ray.)
The orc wizard casts a spell at you.
You are confused.
The orc wizard attacks as you move away!
The orc wizard hits you with a +0 dagger.
* * * LOW HITPOINT WARNING * * *
You bump into the rock wall.
The orc wizard hits you with a +0 dagger.
You die...

####### #.....#
#.###.#########
#.#.......@oo.#
#.#.#.#######.#
#.<...# #)###
###.#######.....#
#.# #...#...... #
#.# #.........# #..
#.###...#.....#
#...##.#...........#
#.#............#####


You could see an orc priest and an orc wizard.

Vanquished Creatures
  2 adders (D:2)
  A worm (D:2)
  An orc (D:3)
  4 ball pythons
  2 bats
  4 endoplasms
  A giant cockroach (D:2)
  2 hobgoblins
  3 jackals (D:2)
  2 quokkas (D:2)
  4 frilled lizards
  5 goblins (D:2)
  5 kobolds
  8 rats
44 creatures vanquished.

Vanquished Creatures (others)
  A demonic plant (D:2)
1 creature vanquished.

Grand Total: 45 creatures vanquished

Notes
Turn   | Place    | Note
-------+----------+-------------------------------------------
     0 | D:1      | FaviusArthum the Deep Elf Conjurer began the quest for the
                  | Orb.
     0 | D:1      | Reached XP level 1. HP: 10/10 MP: 6/6
   590 | D:1      | Reached XP level 2. HP: 15/15 MP: 6/8
   593 | D:1      | Learned a level 2 spell: Searing Ray
   651 | D:1      | Found a faded altar of an unknown god.
  1582 | D:2      | Reached skill level 5 in Conjurations
  2013 | D:2      | Reached XP level 3. HP: 19/19 MP: 8/10
  2912 | D:3      | Reached XP level 4. HP: 24/24 MP: 7/12
  2920 | D:3      | HP: 1/24 [orc wizard/+0 dagger (4)]
  2921 | D:3      | Slain by an orc wizard

Illustrated notes

Levels and vault maps discovered:
D:1:      sevenhm_arrival_forest_fort_large_2, layout_loops_corners,
          hellmonk_ecumenical_altar_blasted, bh_walls_and_bars
D:2:      layout_basic, dreamdust_princess_corridor
D:3:      layout_loops_ring, hangedman_ru_absence, serial_aquarium,
          aquarium_bridge_square [aquarium_subvault_window,
          aquarium_subvault_bridge, aquarium_subvault_window,
          aquarium_subvault_wall], aquarium_window_corridor_1,
          aquarium_window_2, aquarium_window_1, aquarium_view_2e,
          aquarium_view_2d, aquarium_balcony_5b, aquarium_pool_double,
          serial_shops, shop

Skill      XL: |  1  2  3 |
---------------+----------+-----
Conjurations   | 5 |  5.4
Spellcasting   | 4 |  4.1
Dodging        | |  2.7
Stealth        | |  2.8

Action                   |  1- 3 |  4- 6 || total
-------------------------+-------+-------++-------
Melee: Dagger            |     4 |     3 ||     7
 Cast: Magic Dart        |    76 |       ||    76
       Searing Ray       |     5 |     4 ||     9
  Use: Scroll            |     2 |       ||     2
Dodge: Dodged            |     3 |     1 ||     4
